 Dungeon Crawl Stone Soup version 0.21.0-24-g2553a33 (webtiles) character file.

28 Grimoiregrey the Changer (level 2, -10/23 HPs)
             Began as a Draconian Transmuter on Jan 21, 2018.
             Killed by divine providence
             ... invoked by an orc priest
              (17 damage)
             ... on level 2 of the Dungeon.
             The game lasted 00:06:16 (1501 turns).

Grimoiregrey the Changer (Draconian Transmuter)     Turns: 1501, Time: 00:06:17

Health: -10/23     AC:  4    Str: 12    XL:     2   Next: 96%
Magic:  5/5        EV: 12    Int: 13    God:
Gold:   35         SH:  0    Dex: 11    Spells: 4/5 levels left

rFire    . . .     SeeInvis .     - Unarmed
rCold    . . .     Gourm    .   (no shield)
rNeg     . . .     Faith    .   (armour unavailable)
rPois    .         Spirit   .   (helmet restricted)
rElec    .         Reflect  .   (no cloak)
rCorr    .         Harm     .   (no gloves)
MR       .....                  (boots currently unavailable)
Stlth    +.........             (no amulet)
HPRegen  0.07/turn              (no ring)
MPRegen  0.09/turn              (no ring)

@: appendage (expiring)
A: unfitting armour, talons 3, cold-blooded, AC +4
a: End Transformation


You were on level 2 of the Dungeon.
You were not hungry.
You had grown temporary talons.
You visited 1 branch of the dungeon, and saw 2 of its levels.

You collected 35 gold pieces.

Inventory:

Missiles
 a - 12 arrows
Scrolls
 d - 3 scrolls of blinking {unknown}
 e - a scroll of identify {unknown}
Potions
 f - a potion of haste {unknown}
 g - a potion of mutation {unknown}
 h - a potion of heal wounds {unknown}
Books
 b - a book of Changes

   Spells                             Type                      Level
   a - Beastly Appendage              Transmutation                1
   b - Sticks to Snakes               Transmutation                2
   c - Spider Form                    Transmutation/Poison         3
   d - Ice Form                       Ice/Transmutation            4
   e - Blade Hands                    Transmutation                5
Comestibles
 c - 4 rations


   Skills:
 - Level 1.1 Fighting
 - Level 1.7 Dodging
 - Level 3.0 Unarmed Combat
 - Level 2.0 Spellcasting
 + Level 3.5 Transmutations


You had 4 spell levels left.
You knew the following spells:

 Your Spells              Type           Power        Failure   Level  Hunger
a - Beastly Appendage     Tmut           ##....       6%          1    ##.....


Dungeon Overview and Level Annotations

Branches:
Dungeon (2/15)

Altars:
Kikubaaqudgha


Innate Abilities, Weirdness & Mutations

Your plain brown scales are hard. (AC +4)
You cannot fit into any form of body armour.
You are cold-blooded and may be slowed by cold attacks.
You have claws for feet.


Message History

The orc priest looks encouraged for a moment.
The goblin closely misses you. The bat closely misses you.
The bat hits you but does no damage. x2
Your transformation is almost over.
The bat closely misses you.
You hit the bat.
The bat is moderately wounded.
The bat hits you but does no damage. The bat hits you but does no damage.
The bat barely misses you. The bat hits you but does no damage.
The orc priest begins to cast a cantrip, but forgets the words!
The bat completely misses you. The bat hits you but does no damage.
The bat hits you. The bat barely misses you.
The orc priest calls down the wrath of Beogh upon you.
Beogh smites you!
Ouch! That really hurt!
You die...

....._...###..##.##..
............>..#...........
................. #.#?..... ##
................###........ .
........................... #
.....>.......o........... # ....#
###.#####........ #
####..###...o.oog........ #
##..)..##@bo.####..#...... #
#..###.....#.####..#.o.!..
########.###.........s...........
.(...............).......##......
.............##..........# ......
...........####..).......# .?....
.#.........# #..........# ......
...........# #....)....##
.#.........# ###########


You could see 2 orc priests, 3 orcs and a bat.

Vanquished Creatures
  A worm (D:2)
  A leopard gecko (D:1)
  2 giant cockroaches
  3 goblins
  5 hobgoblins
  2 jackals (D:1)
  2 kobolds (D:1)
  2 bats
  3 rats
21 creatures vanquished.

Notes
Turn   | Place    | Note
-------+----------+-------------------------------------------
     0 | D:1      | Grimoiregrey the Draconian Transmuter began the quest for the Orb.
     0 | D:1      | Reached XP level 1. HP: 16/16 MP: 3/3
   808 | D:1      | Reached XP level 2. HP: 12/23 MP: 5/5
  1470 | D:2      | Found an ancient bone altar of Kikubaaqudgha.
  1501 | D:2      | Killed from afar by an orc priest

Skill      XL: |  1  2 |
---------------+-------+-----
Transmutations | 3 |  3.5
Fighting       | |  1.1
Dodging        | |  1.7
Unarmed Combat | |  3.0
Spellcasting   | |  2.0

Action                   || total
-------------------------++-------
Melee: Unarmed           ||    85
       Tailslap          ||     6
       Headbutt          ||     4
       Kick              ||     8
       Punch             ||     1
 Cast: Beastly Appendage ||     9
  Eat: Chunk             ||     2
Armor: Skin              ||    40
Dodge: Dodged            ||    84
